 Dungeon Crawl Stone Soup version 0.30-a0-800-g7c544603b3 (webtiles) character file.

Game seed: 3101597084190074371

24 cforsyth the Sneak (level 3, 0/22 HPs)
             Began as a Kobold Brigand on Feb 23, 2023.
             Engulfed by a cloud of flame (22 damage)
             ... on level 1 of the Dungeon.
             The game lasted 00:03:05 (1560 turns).

cforsyth the Sneak (Kobold Brigand)                 Turns: 1560, Time: 00:03:05

Health: 0/22       AC:  3    Str:  8    XL:     3   Next: 15%
Magic:  3/3        EV: 15    Int: 12    God:
Gold:   39         SH:  0    Dex: 18    Spells: 2/2 levels left

rFire   . . .      SeeInvis .    a - +2 dagger
rCold   . . .      Faith    .    (no shield)
rNeg    . . .      Spirit   .    b - +0 robe
rPois   .          Reflect  .    (no helmet)
rElec   .          Harm     .    c - +0 cloak
rCorr   .          Rampage  .    (no gloves)
Will    .....                    (no boots)
Stlth   ++++                     (no amulet)
HPRegen 0.23/turn                (no ring)
MPRegen 0.08/turn                (no ring)

@: no status effects
A: small, no large weapons, nightstalker 3
a: no special abilities


You were on level 1 of the Dungeon.
You visited 1 branch of the dungeon, and saw 1 of its levels.

You collected 39 gold pieces.

Inventory:

Hand Weapons
 a - a +2 dagger (weapon)
Missiles
 d - 12 poisoned darts (quivered)
 e - 3 curare-tipped darts
Armour
 b - a +0 robe (worn)
 c - a +0 cloak (worn)
Scrolls
 k - a scroll of enchant armour {unknown}
Potions
 f - a potion of might
 g - a potion of curing
 j - a potion of resistance {unknown}


   Skills:
 + Level 2.6 Fighting
 + Level 3.2 Short Blades
 - Level 2.1 Throwing
 + Level 2.0 Dodging
 + Level 5.6 Stealth


You had 2 spell levels left.
You didn't know any spells.
Your spell library was empty.

Dungeon Overview and Level Annotations

Branches:
Dungeon (1/15)

Altars:

Shops:
D:1 *![


Innate Abilities, Weirdness & Mutations

You are small and have problems with some larger weapons.
You are completely attuned to the shadows.


Message History

Really walk into a travel-excluded area?
Really walk into that cloud of flame?
Uppercase [Y]es or [N]o only, please.
Really walk into that cloud of flame?
You are engulfed in blazing flames.
Ouch! That really hurt!
* * * LOW HITPOINT WARNING * * *
You see here a +0 pair of boots.
You start resting.
HP restored.
Really walk into a travel-excluded area?
Okay, then.
Unknown command.
You see here a +0 ring mail.
Really walk into a travel-excluded area?
You see here a +0 ring mail.
You see here a +0 ring mail.
Really walk into a travel-excluded area?
Unknown command.
You are engulfed in blazing flames.
Ouch! That really hurt!
* * * LOW HITPOINT WARNING * * *
You see here a +0 ring mail.
You start resting.
HP restored.
Really walk into a travel-excluded area?
You see here a +0 ring mail.
As you read the scroll labelled KUNGIG UMMES, it crumbles to dust.
It is a scroll of identify.
f - a potion of might
As you read the scroll of identify, it crumbles to dust.
g - a potion of curing Blink to where?
Press: ? - help, Dir - move target Really blink into that cloud of flame?
Really blink into a travel-excluded area?
As you read the scroll labelled EMUMOR OCIONAM, it crumbles to dust.
It was a scroll of blinking.
You are engulfed in blazing flames.
Ouch! That really hurt!
You die...

..#....######8........#
..#....# #.........#
⌠.#....# #.........#
..#....# #..#####...#
..#.#### ##)# #.§§#
'#### #.# #§§°# .# #.#
#§○☼# .#
#.#####...###### .#
#..@☼☼.§...§°☼.# ##
#..○§§.....§§§.#
##.§§○...).§§§.#
######...###### #○○☼#
#.§§# #÷○○# #...# #####


There were no monsters in sight!

Vanquished Creatures
  2 ball pythons (D:1)
  2 endoplasms (D:1)
  A giant cockroach (D:1)
  5 goblins (D:1)
  3 hobgoblins (D:1)
  2 quokkas (D:1)
  A frilled lizard (D:1)
  3 kobolds (D:1)
  2 rats (D:1)
21 creatures vanquished.

Vanquished Creatures (others)
  A hobgoblin (D:1)
  A rat (D:1)
2 creatures vanquished.

Grand Total: 23 creatures vanquished

Notes
Turn   | Place    | Note
-------+----------+-------------------------------------------
     0 | D:1      | cforsyth the Kobold Brigand began the quest for the Orb.
     0 | D:1      | Reached XP level 1. HP: 12/12 MP: 1/1
   105 | D:1      | Reached XP level 2. HP: 18/18 MP: 2/2
   312 | D:1      | Found Vitater's Distillery.
   397 | D:1      | Reached XP level 3. HP: 22/22 MP: 3/3
   401 | D:1      | Found Tiqeicw's Armour Shoppe.
   416 | D:1      | Found Nidgh's Assorted Antiques.
   446 | D:1      | Found a faded altar of an unknown god.
  1560 | D:1      | Engulfed by a cloud of flame

Illustrated notes

Levels and vault maps discovered:
D:1:      dpeg_arrival_simpleton_b, layout_rooms,
          chequers_ecumenical_altar_twisty, serial_shops, shop,
          nicolae_shop_crystal, shop_statue, lemuel_flame_loot_1

Skill      XL: |  1  2 |
---------------+-------+-----
Short Blades   | 3 |  3.2
Dodging        | 2 |  2.0
Fighting       | |  2.6
Throwing       | |  2.1
Stealth        | |  5.6

Action                     || total
---------------------------++-------
  Melee: Dagger            ||    37
    Use: Scroll            ||     3
   Stab: Sleeping          ||    15
 Armour: Robe              ||     7
  Dodge: Dodged            ||    15

Table legend: (Time is in decaauts)
 A = Elapsed time spent in this place.
 B = Non-inter-level travel time spent in this place.
 C = Inter-level travel time spent in this place.
 D = Time resting spent in this place.
 E = Time spent auto-exploring this place.
 F = Levels seen in this place.
 G = Mean time per level.
                   A        B        C        D        E       F      G
               +--------+--------+--------+--------+--------+-----+--------+
         Total |   1554 |   1554 |      0 |    841 |    498 |   1 | 1554.0 |
       Dungeon |   1554 |   1554 |      0 |    841 |    498 |   1 | 1554.0 |
               +--------+--------+--------+--------+--------+-----+--------+

Top non-repeatable levels by time:
     D:1: 1554 daAuts
